| TOP OF THE 1ST |
|
Connecticut Tigers batting - Pitching for Minnesota (NYP) Twins : LHP Ricky Lopez
|
|
Pitching: LHP Ricky Lopez
|
|
|
Batting: RHB Janne Vihko
|
0-0: Foul Ball, location: 2F 0-1: Foul Ball, location: 2F 0-2: Foul Ball, location: 2F 0-2: Ball 1-2: Foul Ball, location: 2F 1-2: Foul Ball, location: 2F 1-2: Ball 2-2: Foul Ball, location: 2F 2-2: Fly out, F7 (Flyball, 7LM, EV 92.5 MPH)
|
|
Batting: RHB Jaden Warrior
|
0-0: Ball 1-0: Ball 2-0: SINGLE (Groundball, 5S, EV 65.0 MPH) (infield hit)
|
|
Batting: LHB Nick Swank
|
0-0: Swinging Strike Passed Ball! Jaden Warrior to second 0-1: Ball 1-1: Ball 2-1: Called Strike 2-2: Ground out U3 (Groundball, 3L, EV 101.9 MPH) Jaden Warrior to third
|
|
Batting: RHB Zack DiCicco
|
0-0: Ball 1-0: Ball 2-0: Ball 3-0: Called Strike 3-1: Base on Balls
|
|
Batting: RHB Jeremiah Washington
|
0-0: Ball 1-0: Fly out, F9 (Flyball, 9S, EV 89.4 MPH)
|
| Top of the 1st over - 0 runs, 1 hit, 0 errors, 2 left on base; Connecticut 0 - Minnesota (NYP) 0 |
| BOTTOM OF THE 1ST |
|
Minnesota (NYP) Twins batting - Pitching for Connecticut Tigers : RHP Alan Grossfeld
|
|
Pitching: RHP Alan Grossfeld
|
|
|
Batting: RHB David McDonald
|
0-0: Ground out 6-3 (Groundball, 6MS, EV 66.2 MPH)
|
|
Batting: LHB Ryuuichi Shintani
|
0-0: SINGLE (Groundball, 34D, EV 101.9 MPH)
|
|
Batting: RHB Kevin Harris
|
0-0: Called Strike 0-1: Called Strike 0-2: Strikes out swinging
|
|
Batting: LHB Shaun Price
|
0-0: Ball 1-0: Swinging Strike 1-1: Ball 2-1: Called Strike 2-2: Ground out U3 (Groundball, 3S, EV 90.6 MPH)
|
| Bottom of the 1st over - 0 runs, 1 hit, 0 errors, 1 left on base; Connecticut 0 - Minnesota (NYP) 0 |
| TOP OF THE 2ND |
|
Connecticut Tigers batting - Pitching for Minnesota (NYP) Twins : LHP Ricky Lopez
|
|
Batting: LHB Antonio Luis
|
0-0: Ball 1-0: Ground out 4-3 (Groundball, 4, EV 78.8 MPH)
|
|
Batting: RHB Tony Nunez
|
0-0: Ball 1-0: Ground out 5-3 (Groundball, 56, EV 83.1 MPH)
|
|
Batting: RHB Jordan Hall
|
0-0: Ball 1-0: Ball 2-0: Ball 3-0: Called Strike 3-1: Base on Balls
|
|
Batting: SHB Ian Arlotta
|
Pickoff Throw to First - Out! 1-3
|
| Top of the 2nd over - 0 runs, 0 hits, 0 errors, 0 left on base; Connecticut 0 - Minnesota (NYP) 0 |
| BOTTOM OF THE 2ND |
|
Minnesota (NYP) Twins batting - Pitching for Connecticut Tigers : RHP Alan Grossfeld
|
|
Batting: RHB Sergio Gomez
|
0-0: Called Strike 0-1: Called Strike 0-2: Foul Ball, location: 2F 0-2: Foul Ball, location: 2F 0-2: Ground out 4-3 (Groundball, 4M, EV 87.5 MPH)
|
|
Batting: LHB Hector Olvera
|
0-0: Ground out 4-3 (Groundball, 4, EV 77.5 MPH)
|
|
Batting: RHB Chris Bejarano
|
0-0: Ball 1-0: Ball 2-0: Ball 3-0: Base on Balls
|
|
Batting: RHB Ioan Biros
|
0-0: Ball Chris Bejarano is caught stealing 2nd base 2-4
|
| Bottom of the 2nd over - 0 runs, 0 hits, 0 errors, 0 left on base; Connecticut 0 - Minnesota (NYP) 0 |
| TOP OF THE 3RD |
|
Connecticut Tigers batting - Pitching for Minnesota (NYP) Twins : LHP Ricky Lopez
|
|
Batting: SHB Ian Arlotta
|
0-0: Ball 1-0: Ball 2-0: Ball 3-0: Base on Balls
|
|
Batting: RHB Janne Vihko
|
0-0: Called Strike 0-1: Swinging Strike 0-2: Fielders Choice at 2nd, 6-4 (Groundball, 6D, EV 105.6 MPH)
|
|
Batting: RHB Jaden Warrior
|
0-0: Ball 1-0: SINGLE (Flyball, 8LS, EV 90.6 MPH) Janne Vihko to second
|
|
Batting: LHB Nick Swank
|
0-0: Ball 1-0: Ball 2-0: Ball 3-0: Base on Balls Janne Vihko to third Jaden Warrior to second
|
|
Batting: RHB Zack DiCicco
|
0-0: Called Strike 0-1: Ball 1-1: Ball Balk! Janne Vihko scores Jaden Warrior to third Nick Swank to second 2-1: Swinging Strike 2-2: Foul Ball, location: 2F 2-2: Ball 3-2: Foul Ball, location: 2F 3-2: Foul Ball, location: 2F 3-2: Base on Balls
|
|
Batting: RHB Jeremiah Washington
|
0-0: Ball 1-0: Foul Ball, location: 2F 1-1: Foul Ball, location: 2F 1-2: SINGLE (Groundball, 56S, EV 64.4 MPH) (infield hit) Jaden Warrior scores Nick Swank to third Zack DiCicco to second
|
|
Batting: LHB Antonio Luis
|
0-0: Ball 1-0: Grounds into double play, 6-4-3 (Groundball, 6, EV 83.1 MPH)
|
| Top of the 3rd over - 2 runs, 2 hits, 0 errors, 2 left on base; Connecticut 2 - Minnesota (NYP) 0 |
| BOTTOM OF THE 3RD |
|
Minnesota (NYP) Twins batting - Pitching for Connecticut Tigers : RHP Alan Grossfeld
|
|
Batting: RHB Ioan Biros
|
0-0: Ball 1-0: Ball 2-0: Ball 3-0: Called Strike 3-1: Called Strike 3-2: Strikes out swinging
|
|
Batting: LHB Ben Roth
|
0-0: Called Strike 0-1: Ball 1-1: Foul Ball, location: 2F 1-2: Ball 2-2: Ball 3-2: Ground out 4-3 (Groundball, 4, EV 86.9 MPH)
|
|
Batting: RHB David McDonald
|
0-0: Ball 1-0: Ground out 2-3 (Groundball, 2R, EV 63.8 MPH)
|
| Bottom of the 3rd over - 0 runs, 0 hits, 0 errors, 0 left on base; Connecticut 2 - Minnesota (NYP) 0 |
| TOP OF THE 4TH |
|
Connecticut Tigers batting - Pitching for Minnesota (NYP) Twins : LHP Ricky Lopez
|
|
Batting: RHB Tony Nunez
|
0-0: Ball 1-0: Ball 2-0: Foul Ball, location: 2F 2-1: Ball 3-1: Called Strike 3-2: Ground out U3 (Groundball, 3, EV 103.1 MPH)
|
|
Batting: RHB Jordan Hall
|
0-0: Ball 1-0: Called Strike 1-1: Swinging Strike 1-2: Foul Ball, location: 2F 1-2: Strikes out swinging
|
|
Batting: SHB Ian Arlotta
|
0-0: Ball 1-0: Foul Ball, location: 2F 1-1: Ball 2-1: Ground out 6-3 (Groundball, 6, EV 85.0 MPH)
|
| Top of the 4th over - 0 runs, 0 hits, 0 errors, 0 left on base; Connecticut 2 - Minnesota (NYP) 0 |
| BOTTOM OF THE 4TH |
|
Minnesota (NYP) Twins batting - Pitching for Connecticut Tigers : RHP Alan Grossfeld
|
|
Batting: LHB Ryuuichi Shintani
|
0-0: Swinging Strike 0-1: Ball 1-1: Ball 2-1: Called Strike 2-2: Ball 3-2: Strikes out swinging
|
|
Batting: RHB Kevin Harris
|
0-0: Called Strike 0-1: Swinging Strike 0-2: Ground out 3-1 (Groundball, 34, EV 84.4 MPH)
|
|
Batting: LHB Shaun Price
|
0-0: Ball 1-0: Called Strike 1-1: Ball 2-1: Ball 3-1: Ground out 5-3 (Groundball, 25, EV 82.5 MPH)
|
| Bottom of the 4th over - 0 runs, 0 hits, 0 errors, 0 left on base; Connecticut 2 - Minnesota (NYP) 0 |
| TOP OF THE 5TH |
|
Connecticut Tigers batting - Pitching for Minnesota (NYP) Twins : LHP Ricky Lopez
|
|
Pitching: LHP Adam Devine
|
|
|
Batting: RHB Janne Vihko
|
0-0: Called Strike 0-1: Ground out 6-3 (Groundball, 6, EV 98.1 MPH)
|
|
Batting: RHB Jaden Warrior
|
0-0: Ball 1-0: SINGLE (Line Drive, 4D, EV 99.4 MPH)
|
|
Batting: LHB Nick Swank
|
0-0: Ball 1-0: Ball 2-0: Ball 3-0: Foul Ball, location: 2F 3-1: Foul Ball, location: 2F 3-2: Strikes out looking Jaden Warrior is caught stealing 2nd base 2-6 Batter strikes out.
|
| Top of the 5th over - 0 runs, 1 hit, 0 errors, 0 left on base; Connecticut 2 - Minnesota (NYP) 0 |
| BOTTOM OF THE 5TH |
|
Minnesota (NYP) Twins batting - Pitching for Connecticut Tigers : RHP Alan Grossfeld
|
|
Batting: RHB Sergio Gomez
|
0-0: Ball 1-0: Called Strike 1-1: Fly out, F8 (Flyball, 8LD, EV 103.8 MPH)
|
|
Batting: LHB Hector Olvera
|
0-0: Swinging Strike 0-1: Ball 1-1: Ball 2-1: Ball 3-1: Swinging Strike 3-2: Base on Balls
|
|
Batting: RHB Chris Bejarano
|
0-0: Swinging Strike 0-1: Foul Ball, location: 2F 0-2: Ball 1-2: Strikes out swinging
|
|
Batting: RHB Ioan Biros
|
0-0: Ball 1-0: Called Strike Hector Olvera is caught stealing 2nd base 2-4
|
| Bottom of the 5th over - 0 runs, 0 hits, 0 errors, 0 left on base; Connecticut 2 - Minnesota (NYP) 0 |
| TOP OF THE 6TH |
|
Connecticut Tigers batting - Pitching for Minnesota (NYP) Twins : LHP Adam Devine
|
|
Batting: RHB Zack DiCicco
|
0-0: Swinging Strike 0-1: Ball 1-1: TRIPLE (Flyball, 78XD, EV 103.1 MPH)
|
|
Batting: RHB Jeremiah Washington
|
0-0: Called Strike 0-1: Ball 1-1: SINGLE (Groundball, 4MD, EV 96.2 MPH) Zack DiCicco scores
|
|
Batting: LHB Antonio Luis
|
0-0: Hit by Pitch Jeremiah Washington to second
|
|
Batting: RHB Tony Nunez
|
0-0: Called Strike 0-1: Called Strike 0-2: Ball 1-2: Strikes out swinging
|
|
Batting: RHB Jordan Hall
|
0-0: Foul Ball, location: 2F 0-1: Swinging Strike 0-2: Foul Ball, location: 2F 0-2: Ball 1-2: Fly out, F4 (Line Drive, 4M, EV 65.0 MPH) Lined into DP, U4 (Line Drive, 4M, EV 63.8 MPH)
|
| Top of the 6th over - 1 run, 2 hits, 0 errors, 1 left on base; Connecticut 3 - Minnesota (NYP) 0 |
| BOTTOM OF THE 6TH |
|
Minnesota (NYP) Twins batting - Pitching for Connecticut Tigers : RHP Alan Grossfeld
|
|
Batting: RHB Ioan Biros
|
0-0: Ground out 5-3 (Groundball, 56, EV 88.1 MPH)
|
|
Batting: LHB Ben Roth
|
0-0: Called Strike 0-1: Foul Ball, location: 2F 0-2: Ground out 6-3 (Groundball, 6, EV 109.4 MPH)
|
|
Batting: RHB David McDonald
|
0-0: Foul Ball, location: 2F 0-1: Called Strike 0-2: Ball 1-2: Ground out 6-3 (Groundball, P, EV 85.0 MPH)
|
| Bottom of the 6th over - 0 runs, 0 hits, 0 errors, 0 left on base; Connecticut 3 - Minnesota (NYP) 0 |
| TOP OF THE 7TH |
|
Connecticut Tigers batting - Pitching for Minnesota (NYP) Twins : LHP Adam Devine
|
|
Batting: SHB Ian Arlotta
|
0-0: Ball 1-0: Ball 2-0: Ball 3-0: Base on Balls
|
|
Batting: RHB Janne Vihko
|
0-0: Foul Ball, location: 2F 0-1: Ground out 5-3 (Groundball, 56S, EV 68.8 MPH) Ian Arlotta to second
|
|
Batting: RHB Jaden Warrior
|
0-0: Called Strike 0-1: Ball 1-1: Called Strike 1-2: Ball 2-2: Foul Ball, location: 2F 2-2: Ball 3-2: Base on Balls
|
|
Batting: LHB Nick Swank
|
0-0: Ball 1-0: Called Strike 1-1: Foul Ball, location: 2F 1-2: Ball 2-2: Ball 3-2: Grounds into double play, 4-6-3 (Groundball, 4, EV 106.9 MPH)
|
| Top of the 7th over - 0 runs, 0 hits, 0 errors, 1 left on base; Connecticut 3 - Minnesota (NYP) 0 |
| BOTTOM OF THE 7TH |
|
Minnesota (NYP) Twins batting - Pitching for Connecticut Tigers : RHP Alan Grossfeld
|
|
Now at 1B: Tony Nunez
|
|
|
Now at 3B: Zach Rose
|
|
|
Now in LF: Kaleb Yerger
|
|
|
Now in RF: Antonio Luis
|
|
|
Batting: LHB Ryuuichi Shintani
|
0-0: Called Strike 0-1: Foul Ball, location: 2F 0-2: Fly out, F9 (Flyball, 9S, EV 86.9 MPH)
|
|
Batting: RHB Kevin Harris
|
0-0: Ball 1-0: Called Strike 1-1: DOUBLE (Line Drive, 8LXD, EV 113.1 MPH)
|
|
Batting: LHB Shaun Price
|
0-0: Ball 1-0: Ball 2-0: Ball 3-0: Called Strike 3-1: Base on Balls
|
|
Batting: RHB Sergio Gomez
|
0-0: Swinging Strike 0-1: Called Strike 0-2: Strikes out swinging
|
|
Batting: LHB Hector Olvera
|
0-0: Ball Wild Pitch! Kevin Harris to third Shaun Price to second 1-0: Called Strike 1-1: Ground out 3-1 (Groundball, 34, EV 101.2 MPH)
|
| Bottom of the 7th over - 0 runs, 1 hit, 0 errors, 2 left on base; Connecticut 3 - Minnesota (NYP) 0 |
| TOP OF THE 8TH |
|
Connecticut Tigers batting - Pitching for Minnesota (NYP) Twins : LHP Adam Devine
|
|
Batting: RHB Zack DiCicco
|
0-0: Ball 1-0: Ball 2-0: Ground out 4-3 (Groundball, 4, EV 78.8 MPH)
|
|
Batting: RHB Jeremiah Washington
|
0-0: Ball 1-0: Called Strike 1-1: Ground out 5-3 (Groundball, 56S, EV 65.6 MPH)
|
|
Batting: LHB Antonio Luis
|
0-0: SINGLE (Groundball, 56S, EV 66.9 MPH) (infield hit)
|
|
Pitching: RHP Matt Parsons
|
|
|
Batting: RHB Tony Nunez
|
0-0: Ball 1-0: Ball 2-0: Ball 3-0: Base on Balls Antonio Luis to second
|
|
Batting: RHB Kaleb Yerger
|
0-0: SINGLE (Flyball, 34D, EV 85.0 MPH) Antonio Luis to third Tony Nunez to second Runner from 3rd tries for Home, SAFE, throw by RF to home
|
|
Batting: SHB Ian Arlotta
|
0-0: Ball 1-0: Foul Ball, location: 2F 1-1: Ball 2-1: Called Strike 2-2: Ball 3-2: SINGLE (Groundball, 6M, EV 107.5 MPH) (infield hit) Tony Nunez to third Kaleb Yerger to second
|
|
Batting: RHB Janne Vihko
|
0-0: SINGLE (Groundball, 25, EV 67.5 MPH) (infield hit) Tony Nunez scores Kaleb Yerger to third Ian Arlotta to second
|
|
Batting: LHB Zach Rose
|
0-0: Swinging Strike 0-1: Ball 1-1: DOUBLE (Line Drive, 89D, EV 112.5 MPH) Kaleb Yerger scores Ian Arlotta scores Janne Vihko to third
|
|
Batting: LHB Nick Swank
|
0-0: Ball 1-0: Called Strike 1-1: Swinging Strike 1-2: Foul Ball, location: 2F 1-2: Strikes out looking
|
| Top of the 8th over - 4 runs, 5 hits, 0 errors, 2 left on base; Connecticut 7 - Minnesota (NYP) 0 |
| BOTTOM OF THE 8TH |
|
Minnesota (NYP) Twins batting - Pitching for Connecticut Tigers : RHP Alan Grossfeld
|
|
Batting: RHB Chris Bejarano
|
0-0: Foul Ball, location: 2F 0-1: Foul Ball, location: 2F 0-2: Ball 1-2: Ball 2-2: Foul Ball, location: 2F 2-2: Ball 3-2: Foul Ball, location: 2F 3-2: Foul Ball, location: 2F 3-2: Fly out, F9 (Line Drive, 9S, EV 86.9 MPH)
|
|
Batting: RHB Ioan Biros
|
0-0: Called Strike 0-1: Ground out 5-3 (Groundball, 56, EV 88.1 MPH)
|
|
Batting: LHB Ben Roth
|
0-0: Called Strike 0-1: Ball 1-1: Swinging Strike 1-2: Foul Ball, location: 2F 1-2: Ball 2-2: Strikes out swinging
|
| Bottom of the 8th over - 0 runs, 0 hits, 0 errors, 0 left on base; Connecticut 7 - Minnesota (NYP) 0 |
| TOP OF THE 9TH |
|
Connecticut Tigers batting - Pitching for Minnesota (NYP) Twins : RHP Matt Parsons
|
|
Batting: RHB Zack DiCicco
|
0-0: Ball 1-0: Called Strike 1-1: Ball 2-1: SINGLE (Line Drive, 7S, EV 97.5 MPH)
|
|
Pinch Hitting: SHB Ryohei Nakano
|
0-0: Called Strike 0-1: Swinging Strike 0-2: Strikes out swinging
|
|
Batting: LHB Antonio Luis
|
0-0: Called Strike 0-1: Ball 1-1: Called Strike 1-2: Foul Ball, location: 2F 1-2: SINGLE (Flyball, 6MD, EV 91.2 MPH) Zack DiCicco to second
|
|
Batting: RHB Tony Nunez
|
0-0: Ball 1-0: Ball 2-0: Ball 3-0: Called Strike 3-1: Grounds into double play, 5-4-3 (Groundball, 56D, EV 91.9 MPH)
|
| Top of the 9th over - 0 runs, 2 hits, 0 errors, 1 left on base; Connecticut 7 - Minnesota (NYP) 0 |
| BOTTOM OF THE 9TH |
|
Minnesota (NYP) Twins batting - Pitching for Connecticut Tigers : RHP Alan Grossfeld
|
|
Now at 2B: Ryohei Nakano
|
|
|
Pinch Hitting: SHB Juan Aguilar
|
0-0: Swinging Strike 0-1: Ball 1-1: Swinging Strike 1-2: Ball 2-2: Strikes out swinging
|
|
Pinch Hitting: RHB Antonio Santos
|
0-0: Called Strike 0-1: Ball 1-1: Swinging Strike 1-2: Foul Ball, location: 2F 1-2: SINGLE (Flyball, 89S, EV 93.8 MPH)
|
|
Batting: RHB Kevin Harris
|
0-0: Called Strike 0-1: Swinging Strike Passed Ball! Antonio Santos to second 0-2: Ball 1-2: Ball 2-2: Strikes out swinging
|
|
Pitching: RHP Andy Strange
|
|
|
Pinch Hitting: RHB Dave Berry
|
0-0: Called Strike 0-1: Swinging Strike 0-2: Foul Ball, location: 2F 0-2: Strikes out looking
|
| Bottom of the 9th over - 0 runs, 1 hit, 0 errors, 1 left on base; Connecticut 7 - Minnesota (NYP) 0 |
|